 Dungeon Crawl Stone Soup version 0.18.1-50-g88ac8fd (webtiles) character file.

98 varam the Sneak (level 4, 21/21 HPs)
             Began as a Spriggan Enchanter on Oct 21, 2016.
             Quit the game on level 3 of the Dungeon.
             The game lasted 00:10:18 (2503 turns).

varam the Sneak (Spriggan Enchanter)                Turns: 2503, Time: 00:10:19

Health: 21/21      AC:  3    Str:  4    XL:     4   Next: 43%
Magic:  2/9        EV: 18    Int: 17    God:
Gold:   56         SH:  0    Dex: 16    Spells: 3 memorised, 2 levels left

rFire  . . .     SeeInvis +     a - +1 dagger
rCold  . . .     Gourm    .     b - +1 robe
rNeg   . . .     Faith    .     (shield restricted)
rPois  .         Spirit   .     (helmet restricted)
rElec  .         Dismiss  .     (no cloak)
rCorr  .         Reflect  .     (gloves unavailable)
SustAt .         Harm     .     (boots unavailable)
MR     .....                    (no amulet)
Stlth  ++++......               (no ring)
                                (no ring)

@: very quick, not resistant to hostile enchantments, stealthy
A: unfitting armour, see invisible, herbivore 3, speed 3, slow metabolism 2
a: no special abilities


You were on level 3 of the Dungeon.
You were hungry.

You visited 1 branch of the dungeon, and saw 3 of its levels.

You collected 56 gold pieces.

Inventory:

Hand Weapons
 a - a +1 dagger (weapon)
Missiles
 g - 107 stones (quivered)
Armour
 b - a +1 robe (worn)
Jewellery
 n - an uncursed ring of sustain attributes {unknown}
Scrolls
 e - a scroll of remove curse {unknown}
 f - 4 scrolls of identify {unknown}
 h - a scroll of random uselessness {unknown}
 i - a scroll of teleportation {unknown}
 l - 2 scrolls of recharging {unknown}
 m - a scroll of magic mapping {unknown}
 o - a scroll of fog {unknown}
Potions
 j - a potion of degeneration {unknown}
 k - 2 potions of curing {unknown}
Books
 c - a book of Maledictions

   Spells                             Type                      Level
   a - Corona                         Hexes                        1
   b - Ensorcelled Hibernation        Hexes/Ice                    2
   c - Confuse                        Hexes                        3
   d - Tukima's Dance                 Hexes                        3
   e - Dazzling Spray                 Conjuration/Hexes            3
Comestibles
 d - a bread ration


   Skills:
 + Level 3.5 Short Blades
 - Level 3.0 Dodging
 + Level 6.4 Stealth
 - Level 2.6 Spellcasting
 - Level 3.6 Hexes


You had 2 spell levels left.
You knew the following spells:

 Your Spells              Type           Power        Failure   Level  Hunger
a - Ensorcelled Hibernat  Hex/Ice        #.....       17%         2    ##.....
b - Corona                Hex            ##.....      4%          1    #......
c - Confuse               Hex            ##......     14%         3    ###....


Dungeon Overview and Level Annotations

Branches:
Dungeon (3/15)

Altars:
Trog


Innate Abilities, Weirdness & Mutations

You are tiny and cannot use many weapons and most armour.
You have supernaturally acute eyesight.
You are a herbivore.
You cover ground extremely quickly.
You need consume almost no food.


Message History

You hit the adder but do no damage.
The adder is lightly wounded.
The adder bites you but does no damage.
Casting: Confuse
Confirm with . or Enter, or press ? or * to list all spells.
Aiming: Confuse
Press: ? - help, Shift-Dir - straight line, f/p - adder
Aim: an adder (lightly wounded, chance to defeat MR: 53%)
The adder appears confused.
You barely miss the adder.
The adder is lightly wounded.
The adder completely misses you.
You catch the helpless adder completely off-guard!
You puncture the adder!
You kill the adder!
The helpless quokka fails to defend itself.
You stick the quokka like a pincushion!!!
You kill the quokka!
No target in view!
Are you sure you want to abandon this character and quit the game? (Confirm with "yes".)

.######........##
#...###### #. #...#
#. #...# . ##...###
.####### #......#
#....$.### #.###..#
#. ###...###.# ..#
#.##...@.....# ..#
#........###>.....#
#.##.#.### #.#.....
#......#####......#
#.##......######.##
#. ##........# .#
#......##..#.# #
#####..##.(# #
#..#...#


There were no monsters in sight!

Vanquished Creatures
  3 adders
  An ooze (D:2)
  4 worms (D:2)
  2 dart slugs (D:1)
  2 ball pythons (D:1)
  5 bats
  3 giant cockroaches
  7 goblins
  5 hobgoblins
  3 jackals (D:2)
  A quokka (D:3)
  2 giant newts (D:3)
  2 kobolds
  12 rats
52 creatures vanquished.

Notes
Turn   | Place    | Note
--------------------------------------------------------------
     0 | D:1      | varam the Spriggan Enchanter began the quest for the Orb.
     0 | D:1      | Reached XP level 1. HP: 9/9 MP: 5/5
   386 | D:1      | Reached XP level 2. HP: 10/13 MP: 6/6
   558 | D:1      | Learned a level 2 spell: Ensorcelled Hibernation
   912 | D:1      | Reached skill level 5 in Stealth
  1085 | D:1      | Reached XP level 3. HP: 16/16 MP: 5/8
  1417 | D:2      | Noticed a moth of wrath
  1419 | D:2      | Found a bloodstained altar of Trog.
  1491 | D:2      | Learned a level 3 spell: Confuse
  1843 | D:2      | Reached skill level 6 in Stealth
  1918 | D:2      | Reached XP level 4. HP: 21/21 MP: 9/9
  2503 | D:3      | Quit the game

Skill      XL: |  1  2  3 |
---------------+----------+-----
Short Blades   | 2 3 |  3.5
Stealth        | 5 6 |  6.4
Dodging        | |  3.0
Spellcasting   | |  2.6
Hexes          | |  3.6

Action                   |  1- 3 |  4- 6 || total
-------------------------+-------+-------++-------
Melee: Dagger            |   105 |    31 ||   136
 Cast: Corona            |     4 |       ||     4
       Ensorcelled Hiber |    18 |     1 ||    19
       Confuse           |     6 |     7 ||    13
 Stab: Sleeping          |    31 |     2 ||    33
       Confused          |     2 |     4 ||     6
  Eat: Pizza             |     1 |       ||     1
Armor: Robe              |     5 |     3 ||     8
Dodge: Dodged            |    57 |    15 ||    72
